Map: Ulrena

Players

PSiArcYanmoo (PSiArc) - Winner!

  • Race: Protoss Protoss
  • League: Master

llllllllllll

  • Race: Terran Terran
  • League: Master

VOD

Have the link to the VOD?

Description

at least a very annoying strat on Ulrena. I did not do an optimal opening but still it worked (you should cut probe puroduction a bit early on like 13pylon 15gate gas gas to make gas unit production fluent)
DON'T lose your first oracle. that's the only unit that provides vision to the full range of Tempest and it's pretty important to tag the opponent's army with Revelation.

Time

  • Played on: Nov. 15, 2015, 11:20 p.m.
  • Length: 11:49
Show
View Real Time Build Order
Export as new Build Order

PSiArcYanmoo Protoss - Winner!

Build Orders: Oracle Opening 

Get SALT Encoding   

  12  0:01  Probe (Chrono Boost)  
  13  0:11  Probe (Chrono Boost)  
  14  0:17  Pylon  
  14  0:22  Probe (Chrono Boost)  
  15  0:36  Probe (Chrono Boost)  
  15  0:38  Gateway  
  16  0:46  Probe (Chrono Boost)  
  16  0:47  Assimilator  
  17  0:52  Assimilator  
  18  0:57  Probe (Chrono Boost)  
  18  1:07  Probe (Chrono Boost)  
  19  1:18  Probe (Chrono Boost)  
  20  1:22  Pylon  
  20  1:25  Cybernetics Core  
  20  1:28  Probe (Chrono Boost)  
  21  1:39  Probe (Chrono Boost)  
  22  1:49  Probe (Chrono Boost)  
  23  2:01  Stargate  
  23  2:02  Stalker (Chrono Boost)  
  27  2:08  Mothership Core  
  27  2:17  Pylon  
  27  2:28  Warp Gate (Chrono Boost)  
  26  2:45  Oracle (Chrono Boost)  
  29  2:56  Gateway x2  
  29  2:58  Pylon  
  29  3:22  Fleet Beacon  
  29  3:34  Gateway  
  29  3:49  Pylon  
  29  4:07  Tempest (Chrono Boost)  
  33  4:19  Pylon  
  33  4:20  Pylon  
  33  4:34  Stalker, Zealot x2  
  39  4:48  Tempest (Chrono Boost)  
  43  5:04  Zealot x2  
  51  5:28  Tempest (Chrono Boost)  
  51  5:40  Pylon  
  51  6:05  Tempest (Chrono Boost)  
  55  6:18  Zealot x4  
  63  6:36  Pylon  
  63  7:02  Tempest (Chrono Boost)  
  65  7:39  Tempest (Chrono Boost)  
  69  7:45  Nexus  
  69  7:49  Probe  
  70  7:56  Pylon  
  70  7:57  Pylon  
  67  8:20  Probe  
  67  8:21  Tempest (Chrono Boost)  
  71  8:43  Probe  
  66  8:52  Stalker x2  
  66  8:53  Pylon  
  70  9:03  Probe  
  70  9:04  Probe  
  70  9:06  Pylon  
  72  9:22  Probe  
  70  9:32  Tempest (Chrono Boost)  
  62  9:46  Probe  
  62  9:48  Probe  
  60  9:57  Probe  
  50  10:00  Probe  
  51  10:17  Tempest (Chrono Boost)  
  51  10:19  Probe  
  56  10:28  Probe  
  57  10:37  Probe  
  58  10:49  Probe  
  59  10:56  Probe  
  61  11:04  Probe  
  61  11:22  Probe  
  61  11:23  Probe  
  63  11:34  Probe  
  63  11:36  Probe  
  69  11:42  Forge  
Show
View Real Time Build Order
Export as new Build Order

llllllllllll Terran 

Build Orders: Command Center First (CC), MMM Bio 

Get SALT Encoding   

  12  0:00  SCV  
  13  0:13  SCV  
  14  0:18  Supply Depot  
  14  0:25  SCV  
  15  0:40  SCV  
  16  0:52  SCV  
  17  1:00  Command Center  
  17  1:04  SCV  
  18  1:14  Barracks  
  18  1:17  SCV  
  19  1:28  Barracks  
  19  1:30  SCV  
  20  1:42  SCV  
  20  1:46  Barracks  
  21  1:54  SCV  
  21  2:01  Marine  
  23  2:12  Orbital Command  
  23  2:13  Orbital Command  
  23  2:16  Marine  
  23  2:21  Marine  
  25  2:35  Bunker  
  25  2:36  Marine x2  
  27  2:40  SCV  
  27  2:41  Engineering Bay  
  27  2:43  SCV  
  28  2:45  Marine  
  29  2:53  Marine  
  29  2:54  SCV, Marine  
  32  3:03  Marine  
  33  3:10  SCV, Missile Turret  
  33  3:11  Marine x2  
  36  3:14  Supply Depot, Refinery  
  36  3:16  Refinery  
  36  3:17  Supply Depot  
  36  3:18  SCV  
  37  3:21  Marine  
  38  3:30  Marine  
  38  3:36  SCV x2  
  38  3:40  Missile Turret  
  39  3:41  Marine  
  39  3:45  Marine  
  39  3:48  SCV x2  
  43  3:54  Barracks Tech Lab  
  43  3:59  Marine  
  43  4:00  SCV x2  
  46  4:04  Marine  
  46  4:06  Supply Depot  
  47  4:12  SCV x2  
  47  4:14  Marine  
  50  4:17  Marine  
  50  4:22  Marine  
  51  4:24  SCV  
  51  4:27  SCV  
  51  4:28  Bunker  
  51  4:30  Combat Shields  
  53  4:31  Bunker  
  53  4:32  Marine  
  53  4:34  Factory  
  53  4:35  Marine  
  55  4:39  Marine  
  55  4:41  Missile Turret  
  55  4:42  SCV  
  55  4:43  Missile Turret  
  57  4:46  SCV  
  57  4:50  Marine  
  59  4:59  SCV  
  60  5:02  Barracks Reactor  
  60  5:03  Barracks Tech Lab  
  60  5:07  SCV  
  61  5:08  Marine  
  62  5:21  Refinery  
  62  5:22  Refinery, Starport x2  
  62  5:31  Supply Depot  
  62  5:32  Supply Depot  
  62  5:33  Supply Depot  
  60  5:45  Factory Reactor  
  58  5:59  Stimpack, Marine x2  
  59  6:12  Viking  
  59  6:15  Marine x2  
  59  6:17  Marine  
  63  6:28  Command Center, Barracks x2, Marine  
  64  6:32  Marine  
  64  6:33  Marine  
  64  6:34  Viking  
  64  6:35  Marine  
  64  6:38  Viking  
  68  6:43  Supply Depot  
  68  6:46  Marine  
  69  6:48  Viking  
  69  6:50  Marine x2  
  73  7:04  Marine  
  73  7:06  Supply Depot, Viking  
  75  7:10  Viking  
  75  7:12  Marine  
  74  7:28  SCV x2  
  75  7:34  Marine x2  
  76  7:40  Viking  
  76  7:43  Marine  
  77  7:45  Marine  
  77  7:55  Marine x2  
  74  8:15  Viking  
  74  8:16  Viking  
  73  8:33  Marine x2  
  73  8:34  Medivac  
  74  8:46  Medivac  
  74  8:51  Marine x2  
  75  8:59  Marine  
  75  9:01  Medivac  
  75  9:02  SCV  
  76  9:04  Medivac  
  77  9:17  Marine x2, Medivac  
  81  9:25  Marine  
  81  9:26  SCV  
  83  9:35  Marine  
  83  9:36  Marine  
  85  9:43  Marine  
  46  10:01  Marine  
  46  10:02  Marine  
  46  10:03  Marine  
  40  10:19  Marine x2  
  42  10:24  Barracks  
  40  10:37  Marine x2  
  40  10:38  Barracks  
  40  10:40  Barracks  
  40  10:41  Widow Mine  
  42  10:55  Marine x2  
  44  11:13  Marine x2  
  42  11:21  Marine  
  41  11:31  Marine x2  
Tags
 
Add a new tag
Caveats
  • Supply blocks, unpowered buildings, or Contaminate may cause inaccurate times.
  • Supply counts are checked every 10 seconds.